TOP OF THE 1ST |
Austin River Sharks batting - Pitching for Kalamazoo Royale with Cheese : LHP Salvador Castro
|
Pitching: LHP Salvador Castro
|
|
Batting: SHB Ramiro Medrano
|
0-0: Ball 1-0: Ball 2-0: Foul Ball, location: 2F 2-1: Ball 3-1: Reached on error, E3 (Groundball, 34)
|
Batting: RHB Tom Rowe
|
0-0: Foul Ball, location: 2F 0-1: Ball 1-1: Called Strike 1-2: Ball 2-2: Foul Ball, location: 2F 2-2: Ball 3-2: Strikes out looking
|
Batting: RHB Edward Young
|
0-0: Called Strike 0-1: Ball 1-1: Swinging Strike 1-2: Foul Ball, location: 2F 1-2: Ball 2-2: Strikes out swinging
|
Batting: RHB Andy Aiton
|
0-0: Called Strike 0-1: Ball 1-1: Ball 2-1: Called Strike 2-2: Foul Ball, location: 2F 2-2: Ball 3-2: Foul Ball, location: 2F 3-2: Ground out 1-3 (Groundball, P)
|
Top of the 1st over - 0 runs, 0 hits, 1 error, 1 left on base; Austin 0 - Kalamazoo 0 |
BOTTOM OF THE 1ST |
Kalamazoo Royale with Cheese batting - Pitching for Austin River Sharks : RHP José Pérez
|
Pitching: RHP José Pérez
|
|
Batting: RHB Millard Boyd
|
0-0: Ball 1-0: Foul Ball, location: 2F 1-1: Swinging Strike 1-2: Fly out, F9 (Flyball, 9S)
|
Batting: LHB Gene Cooper
|
0-0: Called Strike 0-1: Ball 1-1: Ball 2-1: Swinging Strike 2-2: Ball 3-2: Fly out, F9 (Flyball, 9S)
|
Pitching: RHP Luis Trujillo
|
|
Batting: SHB Caden Keith
|
0-0: Ball 1-0: Ball 2-0: Ball 3-0: Called Strike 3-1: Base on Balls
|
Batting: LHB Roberto Sandoval
|
0-0: Ball 1-0: Ball 2-0: SINGLE (Line Drive, 34) Caden Keith to second
|
Batting: LHB Bob Smith
|
0-0: Ball 1-0: SINGLE (Groundball, 34D) Caden Keith to third Roberto Sandoval to second Runner from 3rd tries for Home, SAFE, no throw
|
Batting: LHB Donovan Bird
|
0-0: Called Strike 0-1: Ball 1-1: Ball 2-1: Swinging Strike 2-2: Strikes out looking
|
Bottom of the 1st over - 1 run, 2 hits, 0 errors, 2 left on base; Austin 0 - Kalamazoo 1 |
TOP OF THE 2ND |
Austin River Sharks batting - Pitching for Kalamazoo Royale with Cheese : LHP Salvador Castro
|
Batting: RHB Tony Cruz
|
0-0: Ground out 3-1 (Groundball, 34S)
|
Batting: LHB Enrico Vargas
|
0-0: Called Strike 0-1: Ground out U3 (Groundball, 3S)
|
Batting: RHB Paul Swift
|
0-0: Swinging Strike 0-1: Ball 1-1: Ball 2-1: Called Strike 2-2: Strikes out looking
|
Top of the 2nd over - 0 runs, 0 hits, 0 errors, 0 left on base; Austin 0 - Kalamazoo 1 |
BOTTOM OF THE 2ND |
Kalamazoo Royale with Cheese batting - Pitching for Austin River Sharks : RHP Luis Trujillo
|
Batting: RHB Zander Tremblett
|
0-0: Called Strike 0-1: Foul Ball, location: 2F 0-2: Ground out 1-3 (Groundball, P)
|
Batting: LHB Bill McJannett
|
0-0: Called Strike 0-1: Swinging Strike 0-2: Ball 1-2: Strikes out swinging
|
Batting: RHB Eichiro Yamamoto
|
0-0: Ball 1-0: Called Strike 1-1: Ball 2-1: Ball 3-1: Base on Balls
|
Batting: RHB Millard Boyd
|
0-0: Foul Ball, location: 2F 0-1: Fielders Choice at 2nd, 6-4 (Groundball, 6)
|
Bottom of the 2nd over - 0 runs, 0 hits, 0 errors, 1 left on base; Austin 0 - Kalamazoo 1 |
TOP OF THE 3RD |
Austin River Sharks batting - Pitching for Kalamazoo Royale with Cheese : LHP Salvador Castro
|
Batting: LHB José Liñares
|
0-0: Ball 1-0: Ball 2-0: Foul Ball, location: 2F 2-1: Foul Ball, location: 2F 2-2: Ball 3-2: Strikes out swinging
|
Batting: LHB Anacleto Morillo
|
0-0: Ball 1-0: Swinging Strike 1-1: Ball 2-1: Ball 3-1: Base on Balls
|
Batting: SHB Ramiro Medrano
|
0-0: Called Strike 0-1: Swinging Strike 0-2: Strikes out swinging
|
Batting: RHB Tom Rowe
|
0-0: Called Strike 0-1: Ball 1-1: Fly out, F8 (Flyball, 8LD)
|
Top of the 3rd over - 0 runs, 0 hits, 0 errors, 1 left on base; Austin 0 - Kalamazoo 1 |
BOTTOM OF THE 3RD |
Kalamazoo Royale with Cheese batting - Pitching for Austin River Sharks : RHP Luis Trujillo
|
Batting: LHB Gene Cooper
|
0-0: Ball 1-0: SINGLE (Flyball, 89S)
|
Batting: SHB Caden Keith
|
0-0: Called Strike 0-1: Foul Ball, location: 2F 0-2: Strikes out looking
|
Batting: LHB Roberto Sandoval
|
0-0: Ball 1-0: Ball 2-0: Swinging Strike 2-1: Ball 3-1: Called Strike 3-2: Foul Ball, location: 2F 3-2: Foul Ball, location: 2F 3-2: Fly out, F3 (Popup, 34)
|
Batting: LHB Bob Smith
|
0-0: Called Strike 0-1: Foul Ball, location: 2F 0-2: Ball 1-2: Ball 2-2: Ground out 4-3 (Groundball, 4S)
|
Bottom of the 3rd over - 0 runs, 1 hit, 0 errors, 1 left on base; Austin 0 - Kalamazoo 1 |
TOP OF THE 4TH |
Austin River Sharks batting - Pitching for Kalamazoo Royale with Cheese : LHP Salvador Castro
|
Batting: RHB Edward Young
|
0-0: Fly out, F8 (Flyball, 8LS)
|
Batting: RHB Andy Aiton
|
0-0: Ball 1-0: Ball 2-0: Swinging Strike 2-1: SINGLE (Line Drive, 4M)
|
Batting: RHB Tony Cruz
|
0-0: Ball 1-0: Fly out, F7 (Line Drive, 7)
|
Batting: LHB Enrico Vargas
|
0-0: Called Strike 0-1: Fly out, F6 (Popup, 56)
|
Top of the 4th over - 0 runs, 1 hit, 0 errors, 1 left on base; Austin 0 - Kalamazoo 1 |
BOTTOM OF THE 4TH |
Kalamazoo Royale with Cheese batting - Pitching for Austin River Sharks : RHP Luis Trujillo
|
Batting: LHB Donovan Bird
|
0-0: Ball 1-0: Fly out, F8 (Flyball, 8RS)
|
Batting: RHB Zander Tremblett
|
0-0: Ball 1-0: Ball 2-0: Called Strike 2-1: Swinging Strike 2-2: Foul Ball, location: 2F 2-2: Ball 3-2: SINGLE (Flyball, 7S)
|
Batting: LHB Bill McJannett
|
0-0: Ball 1-0: SINGLE (Line Drive, 34D) Zander Tremblett to second Runner from 2nd tries for 3rd, SAFE, no throw
|
Batting: RHB Eichiro Yamamoto
|
0-0: Ball 1-0: Ball 2-0: Ball 3-0: Called Strike 3-1: Base on Balls Bill McJannett to second
|
Batting: RHB Millard Boyd
|
0-0: Foul Ball, location: 2F 0-1: Grounds into double play, 6-4-3 (Groundball, 6)
|
Bottom of the 4th over - 0 runs, 2 hits, 0 errors, 2 left on base; Austin 0 - Kalamazoo 1 |
TOP OF THE 5TH |
Austin River Sharks batting - Pitching for Kalamazoo Royale with Cheese : LHP Salvador Castro
|
Batting: RHB Paul Swift
|
0-0: Called Strike 0-1: Ball 1-1: Foul Ball, location: 2F 1-2: Foul Ball, location: 2F 1-2: Foul Ball, location: 2F 1-2: Ball 2-2: SINGLE (Line Drive, 78S)
|
Batting: LHB José Liñares
|
0-0: Called Strike 0-1: Fly out, F7 (Flyball, 7)
|
Batting: LHB Anacleto Morillo
|
0-0: Ball 1-0: Ball 2-0: Called Strike 2-1: Called Strike 2-2: Foul Ball, location: 2F 2-2: Strikes out looking
|
Batting: SHB Ramiro Medrano
|
0-0: Ball 1-0: Swinging Strike 1-1: Swinging Strike 1-2: Foul Ball, location: 2F 1-2: Ball 2-2: Foul Ball, location: 2F 2-2: Strikes out swinging
|
Top of the 5th over - 0 runs, 1 hit, 0 errors, 1 left on base; Austin 0 - Kalamazoo 1 |
BOTTOM OF THE 5TH |
Kalamazoo Royale with Cheese batting - Pitching for Austin River Sharks : RHP Luis Trujillo
|
Batting: LHB Gene Cooper
|
0-0: Called Strike 0-1: Foul Ball, location: 2F 0-2: Ball 1-2: Ball 2-2: Ball 3-2: Base on Balls
|
Pitching: RHP Pedro Leal
|
|
Batting: SHB Caden Keith
|
0-0: Foul Ball, location: 2F 0-1: Ball 1-1: Swinging Strike 1-2: Foul Ball, location: 2F 1-2: Strikes out looking
|
Batting: LHB Roberto Sandoval
|
0-0: Ball 1-0: Foul Ball, location: 2F 1-1: Ball 2-1: Foul Ball, location: 2F 2-2: Ball 3-2: Foul Ball, location: 2F 3-2: Foul Ball, location: 2F 3-2: SINGLE (Flyball, 9S) Gene Cooper to second Runner from 2nd tries for 3rd, SAFE, no throw
|
Batting: LHB Bob Smith
|
0-0: Ball 1-0: SINGLE (Line Drive, 78S) Gene Cooper scores Roberto Sandoval to second
|
Batting: LHB Donovan Bird
|
0-0: Called Strike 0-1: Foul Ball, location: 2F 0-2: Ball 1-2: Foul Ball, location: 2F 1-2: Ball 2-2: Ball 3-2: Base on Balls Roberto Sandoval to third Bob Smith to second
|
Batting: RHB Zander Tremblett
|
0-0: Called Strike 0-1: Fly out, F9 (Flyball, 9S)
|
Batting: LHB Bill McJannett
|
0-0: Called Strike 0-1: SINGLE (Flyball, 9LM) Roberto Sandoval scores Bob Smith to third Donovan Bird to second Runner from 3rd tries for Home, throw and OUT!
|
Bottom of the 5th over - 2 runs, 3 hits, 0 errors, 2 left on base; Austin 0 - Kalamazoo 3 |
TOP OF THE 6TH |
Austin River Sharks batting - Pitching for Kalamazoo Royale with Cheese : LHP Salvador Castro
|
Batting: RHB Tom Rowe
|
0-0: Foul Ball, location: 2F 0-1: Swinging Strike 0-2: Ball 1-2: Ball 2-2: Strikes out looking
|
Batting: RHB Edward Young
|
0-0: Swinging Strike 0-1: Swinging Strike 0-2: Ball 1-2: Ball 2-2: Strikes out swinging
|
Batting: RHB Andy Aiton
|
0-0: Ground out 1-3 (Groundball, 15S)
|
Top of the 6th over - 0 runs, 0 hits, 0 errors, 0 left on base; Austin 0 - Kalamazoo 3 |
BOTTOM OF THE 6TH |
Kalamazoo Royale with Cheese batting - Pitching for Austin River Sharks : RHP Pedro Leal
|
Batting: RHB Eichiro Yamamoto
|
0-0: Ball 1-0: Ground out U3 (Groundball, 34)
|
Batting: RHB Millard Boyd
|
0-0: Called Strike 0-1: Foul Ball, location: 2F 0-2: Ball 1-2: SINGLE (Line Drive, 78S)
|
Batting: LHB Gene Cooper
|
0-0: Called Strike 0-1: Called Strike 0-2: Grounds into double play, U3-6 (Groundball, 3L)
|
Bottom of the 6th over - 0 runs, 1 hit, 0 errors, 0 left on base; Austin 0 - Kalamazoo 3 |
TOP OF THE 7TH |
Austin River Sharks batting - Pitching for Kalamazoo Royale with Cheese : LHP Salvador Castro
|
Batting: RHB Tony Cruz
|
0-0: Ball 1-0: Foul Ball, location: 2F 1-1: Ball 2-1: Ball 3-1: Foul Ball, location: 2F 3-2: Foul Ball, location: 2F 3-2: Ground out 4-3 (Groundball, 34)
|
Pitching: RHP Armen Boyajian
|
|
Batting: LHB Enrico Vargas
|
0-0: Called Strike 0-1: Foul Ball, location: 2F 0-2: Fly out, F9 (Line Drive, 9)
|
Batting: RHB Paul Swift
|
0-0: Ball 1-0: Ball 2-0: SINGLE (Groundball, 56D)
|
Pitching: LHP Carlos Thomas
|
|
Batting: LHB José Liñares
|
0-0: Fielders Choice at 2nd, 6-4 (Groundball, 6)
|
Top of the 7th over - 0 runs, 1 hit, 0 errors, 1 left on base; Austin 0 - Kalamazoo 3 |
BOTTOM OF THE 7TH |
Kalamazoo Royale with Cheese batting - Pitching for Austin River Sharks : RHP Pedro Leal
|
Batting: SHB Caden Keith
|
0-0: Ball 1-0: Foul Ball, location: 2F 1-1: Ball 2-1: Ball 3-1: Called Strike 3-2: Foul Ball, location: 2F 3-2: Foul Ball, location: 2F 3-2: Base on Balls
|
Batting: LHB Roberto Sandoval
|
0-0: Ball 1-0: Fly out, F9 (Flyball, 9S)
|
Batting: LHB Bob Smith
|
0-0: Called Strike 0-1: Swinging Strike 0-2: Ball 1-2: Ball 2-2: Ball 3-2: Strikes out swinging Caden Keith steals 2nd base Batter strikes out.
|
Batting: LHB Donovan Bird
|
0-0: Ball 1-0: Fly out, F9 (Flyball, 89D)
|
Bottom of the 7th over - 0 runs, 0 hits, 0 errors, 1 left on base; Austin 0 - Kalamazoo 3 |
TOP OF THE 8TH |
Austin River Sharks batting - Pitching for Kalamazoo Royale with Cheese : LHP Carlos Thomas
|
Batting: LHB Anacleto Morillo
|
0-0: Ground out 6-3 (Groundball, 6M)
|
Pitching: RHP Víctor Reyes
|
|
Batting: SHB Ramiro Medrano
|
0-0: Called Strike 0-1: Foul Ball, location: 2F 0-2: Foul Ball, location: 2F 0-2: Ball 1-2: Ball 2-2: Ground out 3-1 (Groundball, 34)
|
Batting: RHB Tom Rowe
|
0-0: Swinging Strike 0-1: Ground out 5-3 (Groundball, 5)
|
Top of the 8th over - 0 runs, 0 hits, 0 errors, 0 left on base; Austin 0 - Kalamazoo 3 |
BOTTOM OF THE 8TH |
Kalamazoo Royale with Cheese batting - Pitching for Austin River Sharks : RHP Pedro Leal
|
Batting: RHB Zander Tremblett
|
0-0: Ball 1-0: Fly out, F8 (Flyball, 8RXD)
|
Batting: LHB Bill McJannett
|
0-0: Foul Ball, location: 2F 0-1: Fly out, F8 (Flyball, 78M)
|
Batting: RHB Eichiro Yamamoto
|
0-0: Swinging Strike 0-1: Fly out, F7 (Flyball, 7LMF)
|
Bottom of the 8th over - 0 runs, 0 hits, 0 errors, 0 left on base; Austin 0 - Kalamazoo 3 |
TOP OF THE 9TH |
Austin River Sharks batting - Pitching for Kalamazoo Royale with Cheese : RHP Víctor Reyes
|
Batting: RHB Edward Young
|
0-0: Called Strike 0-1: Ground out 6-3 (Groundball, 6)
|
Batting: RHB Andy Aiton
|
0-0: Called Strike 0-1: Ground out 4-3 (Groundball, 34)
|
Batting: RHB Tony Cruz
|
0-0: Called Strike 0-1: Ground out 6-3 (Groundball, 56)
|
Top of the 9th over - 0 runs, 0 hits, 0 errors, 0 left on base; Austin 0 - Kalamazoo 3 |
|